 Dungeon Crawl Stone Soup version 0.19.4-8-ga85b6b9 (webtiles) character file.

36 Jerry the Skirmisher (level 3, 0/29 HPs)
             Began as a Formicid Abyssal Knight on Feb 9, 2017.
             Was a Follower of Lugonu.
             Succumbed to Jessica's poison
             ... on level 2 of the Dungeon.
             The game lasted 00:03:57 (1247 turns).

Jerry the Skirmisher (Formicid Abyssal Knight)      Turns: 1247, Time: 00:03:58

Health: 0/29       AC:  5    Str: 17    XL:     3   Next: 57%
Magic:  4/4        EV: 10    Int: 11    God:    Lugonu [*.....]
Gold:   104        SH:  0    Dex: 10    Spells: 0 memorised, 2 levels left

rFire  . . .     SeeInvis +     a - +1 hand axe
rCold  . . .     Gourm    .     q - +0 ring mail
rNeg   . . .     Faith    .     (no shield)
rPois  .         Spirit   .     (helmet unavailable)
rElec  .         Reflect  .     (no cloak)
rCorr  .         Harm     .     (no gloves)
MR     .....                    (no boots)
Stlth  ..........               (no amulet)
                                (no ring)
                                (no ring)

@: lethally poisoned (0 -> -22)
A: permanent stasis, dig shafts and tunnels, four strong arms, antennae 3
a: Dig, Shaft Self, Depart the Abyss, Renounce Religion


You were on level 2 of the Dungeon.
You worshipped Lugonu.
Lugonu was aware of your devotion.
You were not hungry.

You visited 1 branch of the dungeon, and saw 2 of its levels.
You visited the Abyss 1 time.

You collected 104 gold pieces.

Inventory:

Hand Weapons
 a - a +1 hand axe (weapon)
Armour
 q - a +0 ring mail (worn)
Scrolls
 b - a scroll of fog {unknown}
 d - a scroll of enchant weapon {unknown}
 e - a scroll of recharging {unknown}
 g - 3 scrolls of remove curse {unknown}
 i - 2 scrolls of magic mapping {unknown}
 m - a scroll of blinking {unknown}
 n - a scroll of identify {unknown}
 o - a scroll of enchant armour {unknown}
 r - a scroll of teleportation {unknown}
 x - a scroll of amnesia {unknown}
Potions
 j - 2 potions of curing {unknown}
 k - a potion of agility {unknown}
 l - a potion of lignification {unknown}
 p - a potion of haste {unknown}
 s - a potion of degeneration {unknown}
 u - a potion of mutation {unknown}
Books
 v - a book of Minor Magic

   Spells                             Type                      Level
   a - Magic Dart                     Conjuration                  1
   b - Blink                          Translocation                2
   c - Call Imp                       Summoning                    2
   d - Repel Missiles                 Charms/Air                   2
   e - Slow                           Hexes                        2
   f - Conjure Flame                  Conjuration/Fire             3
   g - Mephitic Cloud                 Conjuration/Poison/Air       3
Miscellaneous
 h - a sack of spiders
Comestibles
 c - 2 bread rations
 f - 2 beef jerkies
 t - 9 chunks of flesh
 w - 2 slices of pizza


   Skills:
 + Level 3.5 Fighting
 * Level 2.9 Axes
 + Level 2.6 Armour
 - Level 0.8 Dodging
 + Level 2.5 Invocations


You had 2 spell levels left.
You didn't know any spells.

Dungeon Overview and Level Annotations

Branches:
Dungeon (2/15)

Altars:
Fedhas

Annotations:
D:2 Jessica


Innate Abilities, Weirdness & Mutations

You are under a permanent stasis effect.
You can dig through walls and to a lower floor.
Your four strong arms can wield two-handed weapons with a shield.
You have a pair of large antennae on your head. (SInv)


Message History

You hit Jessica.
Jessica is almost dead.
You feel sick. Jessica hits you but does no damage.
You barely miss Jessica.
Jessica is almost dead.
You hit the worm.
You feel sick.
Jessica hits you with a dagger of venom.
You are more poisoned.
* * * LOW HITPOINT WARNING * * *
You feel very sick.
Jessica zaps a wand.
You resist with some effort.
* * * LOW HITPOINT WARNING * * *
You feel sick.
Jessica gestures wildly while chanting.
Jessica seems to speed up.
* * * LOW HITPOINT WARNING * * *
You feel sick.
* * * LOW HITPOINT WARNING * * *
You feel sick.
You die...

#..........# #. #.#
#####....#.# #. #.#
#....#.####. #.######
#....<......
#.#....###....>.####.
#.#..................
#.#.....#####(.......
###.#.........#.(.####.
#...#.@....##.#...####.
#...#......##.#....)...
#..........##.#........
#...w@........#........
#......########...####.
#......# #...# ##
#..........# ##### #
#..........# ###
#......#...# #..


You could see a worm and Jessica.

Vanquished Creatures
  A leopard gecko (D:1)
  4 bats
  A giant cockroach (D:1)
  9 goblins
  2 hobgoblins
  6 kobolds (D:1)
  2 quokkas (D:2)
  2 frilled lizards (D:1)
  3 rats (D:1)
30 creatures vanquished.

Notes
Turn   | Place    | Note
-------+----------+-------------------------------------------
     0 | Abyss:1  | Jerry the Formicid Abyssal Knight began the quest for the Orb.
     0 | Abyss:1  | Reached XP level 1. HP: 18/18 MP: 2/2
     2 | Abyss:1  | Found a radiant altar of Vehumet.
    86 | Abyss:2  | Noticed a ynoxinul
   130 | D:1      | Escaped the Abyss
   270 | D:1      | Reached XP level 2. HP: 24/24 MP: 3/3
   292 | D:1      | Reached * piety under Lugonu
   504 | D:1      | Reached XP level 3. HP: 27/29 MP: 4/4
   974 | D:2      | Found a blossoming altar of Fedhas.
  1232 | D:2      | Noticed Jessica
  1247 | D:2      | Succumbed to Jessica's poison

Action                   || total
-------------------------++-------
Melee: Hand axe          ||    79
Invok: Depart the Abyss  ||     1
  Eat: Chunk             ||     1
Armor: Leather armour    ||     6
       Ring mail         ||    17
Dodge: Dodged            ||    50
